 Dungeon Crawl Stone Soup version 0.23-a0-171-g5ae17c6e89 (webtiles) character file.

151 Deemzul the Skirmisher (level 5, 0/41 HPs)
             Began as a Demonspawn Fighter on Sept 14, 2018.
             Was an Initiate of Okawaru.
             Succumbed to Sigmund's poison
             ... on level 2 of the Dungeon.
             The game lasted 00:01:51 (2217 turns).

Deemzul the Skirmisher (Demonspawn Fighter)         Turns: 2217, Time: 00:01:51

Health: 0/41       AC:  6    Str: 16 (17) XL:     5   Next: 10%
Magic:  6/6        EV: 12    Int:  9 (10) God:    Okawaru [......]
Gold:   80         SH:  9    Dex: 14 (17) Spells: 4/4 levels left

rFire    . . .     SeeInvis .   a - +0 war axe
rCold    . . .     Gourm    .   c - +0 shield
rNeg     . . .     Faith    .   b - +0 scale mail
rPois    .         Spirit   .   (helmet restricted)
rElec    .         Reflect  .   (no cloak)
rCorr    .         Harm     .   (no gloves)
MR       .....                  (no boots)
Stlth    +.........             (no amulet)
HPRegen  0.13/turn              (no ring)
MPRegen  0.10/turn              (no ring)

@: agile, lethally poisoned (0 -> -15)
A: claws 1, hooves 1, horns 1
a: Renounce Religion


You were on level 2 of the Dungeon.
You worshipped Okawaru.
Okawaru was noncommittal.
You were very hungry.

You visited 1 branch of the dungeon, and saw 3 of its levels.

You collected 80 gold pieces.

Inventory:

Hand Weapons
 a - a +0 war axe (weapon)
Armour
 b - a +0 scale mail (worn)
 c - a +0 shield (worn)
 h - a +0 helmet
Scrolls
 e - a scroll of remove curse {unknown}
 i - 3 scrolls of blinking {unknown}
 j - 4 scrolls of identify {unknown}
 l - a scroll of teleportation {unknown}
 m - a scroll of amnesia {unknown}
 o - a scroll of magic mapping {unknown}
 q - a scroll of immolation {unknown}
Potions
 d - 2 potions of might
 k - a potion of agility
 n - a potion of heal wounds {unknown}
 p - 2 potions of brilliance {unknown}
Comestibles
 f - 3 rations


   Skills:
 + Level 3.5 Fighting
 * Level 3.1 Axes
 + Level 3.2 Armour
 + Level 1.3 Dodging
 + Level 3.1 Shields
 + Level 1.7 Invocations


You had 4 spell levels left.
You didn't know any spells.
Your spell library was empty.

Dungeon Overview and Level Annotations

Branches:
Dungeon (3/15)

Altars:
Dithmenos
Okawaru

Annotations:
D:3 Sigmund


Innate Abilities, Weirdness & Mutations

You have sharp fingernails.
You have large cloven feet.
You have a pair of small horns on your head.


Message History

There is a stone staircase leading down here.
You miss the frilled lizard. You headbutt the frilled lizard.
You kill the frilled lizard!
* * * LOW HITPOINT WARNING * * *
You feel sick.
* * * LOW HITPOINT WARNING * * *
You feel sick.
You see here a frilled lizard corpse.
You butcher the frilled lizard corpse.
* * * LOW HITPOINT WARNING * * *
You feel sick.
You see here a chunk of flesh.
It was a potion of agility.
You feel agile all of a sudden.
* * * LOW HITPOINT WARNING * * *
You feel sick.
It was a potion of degeneration.
There was something very wrong with that liquid.
You feel weakened.
You feel dopey.
You feel clumsy.
You die...

#####...........#
........).......#
................#
................#
...........[....#
.....#..........#
.....#..........#
.....#..........###
................@>#
.###.#....#######.#
.###.#....# #.#
..##.#....# #.#
#.##.#....# #.#
#.##.#....# #.#
#..#.#....# #.#
##.#.#...)# #.#
##.#.#....#######.#


There were no monsters in sight!

Vanquished Creatures
  2 orc wizards (D:2)
  Natasha (D:2)
  2 adders (D:2)
  A worm (D:2)
  An orc (D:2)
  4 bats
  2 giant cockroaches (D:1)
  8 hobgoblins
  8 jackals
  5 kobolds
  3 frilled lizards
  8 goblins
  4 rats
49 creatures vanquished.

Notes
Turn   | Place    | Note
-------+----------+-------------------------------------------
     0 | D:1      | Deemzul the Demonspawn Fighter began the quest for the Orb.
     0 | D:1      | Reached XP level 1. HP: 18/18 MP: 1/1
   277 | D:1      | Found an iron altar of Okawaru.
   291 | D:1      | Became a worshipper of Warmaster Okawaru
   294 | D:1      | Gained mutation: You have sharp fingernails. [demonic
                  | ancestry]
   294 | D:1      | Reached XP level 2. HP: 20/24 MP: 2/2
  1054 | D:2      | Gained mutation: You have large cloven feet. [demonic
                  | ancestry]
  1054 | D:2      | Reached XP level 3. HP: 27/29 MP: 3/3
  1088 | D:2      | Found a shadowy altar of Dithmenos.
  1373 | D:2      | Noticed Natasha
  1376 | D:2      | Reached skill level 1 in Invocations
  1381 | D:2      | Killed Natasha
  1381 | D:2      | Reached skill level 1 in Dodging
  1381 | D:2      | Reached XP level 4. HP: 31/35 MP: 4/4
  1416 | D:2      | Gained mutation: You have a pair of small horns on your
                  | head. [demonic ancestry]
  1416 | D:2      | Reached XP level 5. HP: 17/41 MP: 6/6
  2201 | D:3      | Noticed Sigmund
  2215 | D:2      | HP: 2/41 [poisoned by Sigmund]
  2217 | D:2      | Succumbed to Sigmund's poison

Vault maps used:
D:1:      dpeg_arrival_line_fractal, okawaru_ov_weapons_minmay
D:2:      nicolae_dithmenos_through_a_glass_darkly, uniq_natasha
D:3:      minitemple, fedhas_altar_fruit_tree, first_ration, uniq_sigmund

Skill      XL: |  1  2  3  4 |
---------------+-------------+-----
Axes           | 2 3 |  3.1
Armour         | 3 |  3.2
Invocations    | 1 |  1.7
Dodging        | 1 |  1.3
Shields        | 3 |  3.1
Fighting       | |  3.5

Action                   |  1- 3 |  4- 6 || total
-------------------------+-------+-------++-------
Melee: War axe           |   132 |    41 ||   173
       Kick              |    10 |    12 ||    22
       Headbutt          |       |     6 ||     6
  Use: Potion            |       |     2 ||     2
  Eat: Chunk             |     2 |     1 ||     3
Armor: Scale mail        |    83 |    25 ||   108
Dodge: Dodged            |    41 |    11 ||    52
Block: Shield            |    62 |    15 ||    77

Table legend:
 A = Non-vault XP
 B = Vault XP
 C = Vault XP percentage of total XP
 D = Non-vault monster count
 E = Vault monster count
 F = Vault count percentage of total count
                 A         B        C        D         E       F
            +---------+---------+-------+---------+---------+-------
      Total |     181 |      35 |  16.2 |      48 |       1 |   2.0
            +---------+---------+-------+---------+---------+-------
        D:1 |      35 |       0 |   0.0 |      21 |       0 |   0.0
        D:2 |     146 |      35 |  19.3 |      27 |       1 |   3.6
            +---------+---------+-------+---------+---------+-------
